 Dungeon Crawl Stone Soup version 0.23-a0-422-g30b1108 (webtiles) character file.

13 JeffiDaFish the Grave Robber (level 2, -1/13 HPs)
             Began as a Spriggan Necromancer on Nov 14, 2018.
             Killed from afar by a dart slug (7 damage)
             ... with a slug dart
             ... on level 1 of the Dungeon.
             The game lasted 00:01:14 (526 turns).

JeffiDaFish the Grave Robber (Spriggan Necromancer)  Turns: 526, Time: 00:01:15

Health: -1/13      AC:  2    Str:  4    XL:     2   Next: 24%
Magic:  1/7        EV: 18    Int: 16    God:
Gold:   29         SH:  0    Dex: 16    Spells: 6/7 levels left

rFire    . . .     SeeInvis +   d - +0 dagger
rCold    . . .     Gourm    .   (shield restricted)
rNeg     . . .     Faith    .   a - +0 robe
rPois    .         Spirit   .   (helmet restricted)
rElec    .         Reflect  .   (no cloak)
rCorr    .         Harm     .   (gloves unavailable)
MR       .....                  (boots unavailable)
Stlth    ++........             (no amulet)
HPRegen  0.04/turn              (no ring)
MPRegen  0.10/turn              (no ring)

@: very quick
A: very small, unfitting armour, see invisible, herbivore, speed 3, slow
metabolism 2
a: no special abilities


You were on level 1 of the Dungeon.
You were not hungry.

You visited 1 branch of the dungeon, and saw 1 of its levels.

You collected 29 gold pieces.

Inventory:

Hand Weapons
 d - a +0 dagger (weapon)
Armour
 a - a +0 robe (worn)
Jewellery
 e - an uncursed ring of fire
Scrolls
 b - 2 scrolls of remove curse
Comestibles
 c - 2 rations


   Skills:
 + Level 3.2 Dodging
 + Level 3.2 Stealth
 * Level 3.1 Spellcasting
 * Level 3.8 Necromancy


You had 6 spell levels left.
You knew the following spells:

 Your Spells              Type           Power        Failure   Level  Hunger
a - Pain                  Necr           ##..         3%          1    #......

Your spell library contained the following spells:

 Spells                   Type           Power        Failure   Level  Hunger
 Animate Skeleton         Necr           N/A          3%          1    #......
 Vampiric Draining        Necr           ##........   12%         3    ###....
 Regeneration             Chrm/Necr      #.........   26%         3    ###....
 Animate Dead             Necr           N/A          36%         4    #####..


Dungeon Overview and Level Annotations

Branches:
Dungeon (1/15)

Altars:


Innate Abilities, Weirdness & Mutations

You are very small and have problems with some larger weapons.
You are too small for most types of armour.
You have supernaturally acute eyesight. (SInv)
You are a herbivore.
You cover ground extremely quickly.
You need to consume almost no food.


Message History

The dart slug barely resists.
Casting: Pain (safe; 3% risk of failure)
Confirm with . or Enter, or press ? or * to list all spells.
Aiming: Pain (safe; 3% risk of failure)
Press: ? - help, Shift-Dir - straight line, f/p - dart slug
Aim: a dart slug (severely wounded, clinging, chance to defeat MR: 85%)
The dart slug barely resists.
You hit the dart slug but do no damage.
The dart slug is severely wounded.
The dart slug closely misses you.
Casting: Pain (safe; 3% risk of failure)
Confirm with . or Enter, or press ? or * to list all spells.
Aiming: Pain (safe; 3% risk of failure)
Press: ? - help, Shift-Dir - straight line, f/p - dart slug
Aim: a dart slug (severely wounded, clinging, chance to defeat MR: 85%)
The dart slug writhes in agony!
The dart slug launches a dart at you. The slug dart hits you!
Ouch! That really hurt!
You die...

#........
..#........
.....#....
.......... .......
#.#..# #...w# #...@#
### #.##...# ).#
#......#
..#############.####
..'................#
..###............#.#
..#
#................
..#
#...........#......
..#
##########+##......


You could see a dart slug.

Vanquished Creatures
  A dart slug (D:1)
  A giant cockroach (D:1)
  4 goblins (D:1)
  2 kobolds (D:1)
  2 rats (D:1)
10 creatures vanquished.

Notes
Turn   | Place    | Note
-------+----------+-------------------------------------------
     0 | D:1      | JeffiDaFish the Spriggan Necromancer began the quest for
                  | the Orb.
     0 | D:1      | Reached XP level 1. HP: 9/9 MP: 5/5
   270 | D:1      | Reached XP level 2. HP: 8/13 MP: 1/7
   526 | D:1      | Killed from afar by a dart slug

Vault maps used:
D:1:      erik_arrival_triangle_medium, minmay_tromino_v4_a

Skill      XL: |  1 |
---------------+----+-----
Spellcasting   | 3 |  3.1
Dodging        | |  3.2
Stealth        | |  3.2
Necromancy     | |  3.8

Action                   || total
-------------------------++-------
Melee: Dagger            ||     3
 Cast: Pain              ||    20
  Use: Scroll            ||     2
Armor: Robe              ||     1
Dodge: Dodged            ||     7

Table legend:
 A = Non-vault XP
 B = Vault XP
 C = Vault XP percentage of total XP
 D = Non-vault monster count
 E = Vault monster count
 F = Vault count percentage of total count
                 A         B        C        D         E       F
            +---------+---------+-------+---------+---------+-------
      Total |      13 |       6 |  31.6 |       8 |       2 |  20.0
            +---------+---------+-------+---------+---------+-------
        D:1 |      13 |       6 |  31.6 |       8 |       2 |  20.0
            +---------+---------+-------+---------+---------+-------
